 Dungeon Crawl Stone Soup version 0.27.0-1-g7a089689b8 (webtiles) character file.

Game seed: 1870461391921250713

0 SnakkuSnakku7 the Caller (level 1, 0/14 HPs)
             Began as a Demigod Summoner on Aug 3, 2021.
             Slain by a jackal (3 damage)
             ... on level 1 of the Dungeon.
             The game lasted 00:00:12 (132 turns).

SnakkuSnakku7 the Caller (Demigod Summoner)          Turns: 132, Time: 00:00:12

Health: 0/14       AC:  2    Str:  9    XL:     1   Next: 6%
Magic:  4/5        EV: 12    Int: 17    God:
Gold:   8          SH:  0    Dex: 14    Spells: 2/3 levels left

rFire    . . .     SeeInvis .   c - +0 dagger
rCold    . . .     Faith    .   (no shield)
rNeg     . . .     Spirit   .   a - +0 robe
rPois    .         Reflect  .   (no helmet)
rElec    .         Harm     .   (no cloak)
rCorr    .         Rampage  .   (no gloves)
Will     .....                  (no boots)
Stlth    ++........             (no amulet)
HPRegen  0.04/turn              (no ring)
MPRegen  0.09/turn              (no ring)

@: no status effects
A: high mp 1, forlorn
a: no special abilities


You were on level 1 of the Dungeon.
You visited 1 branch of the dungeon, and saw 1 of its levels.

You collected 8 gold pieces.

Inventory:

Hand Weapons
 c - a +0 dagger (weapon)
Armour
 a - a +0 robe (worn)
Potions
 b - a potion of degeneration {unknown}


   Skills:
 - Level 1.7 Dodging
 - Level 1.7 Stealth
 - Level 1.7 Spellcasting
 + Level 3.6 Summonings


You had 2 spell levels left.
You knew the following spells:

 Your Spells              Type           Power      Damage    Failure   Level
a - Summon Small Mammal   Summ           52%        N/A       4%          1

Your spell library contained the following spells:

 Spells                   Type           Power      Damage    Failure   Level
 Call Imp                 Summ           13%        N/A       7%          2
 Call Canine Familiar     Summ           13%        N/A       13%         3
 Summon Guardian Golem    Hex/Summ       7%         N/A       28%         3
 Summon Lightning Spire   Summ/Air       7%         N/A       67%         4


Dungeon Overview and Level Annotations

Branches:
Dungeon (1/15)


Innate Abilities, Weirdness & Mutations

Your attributes grow dramatically as you level up.
You have an increased reservoir of magic. (+10% MP)
You shall have no god before yourself.


Message History

A jackal comes into view.
You see here a +0 dagger.
c - a +0 dagger
c - a +0 dagger (weapon)
Casting: Summon Small Mammal (safe; 4% risk of failure)
Confirm with . or Enter, or press ? or * to list all spells.
The jackal misses you.
You closely miss the jackal.
Your bat barely misses the jackal.
The jackal closely misses your bat.
Your bat barely misses the jackal.
You hit the jackal.
The jackal is severely wounded.
Your bat barely misses the jackal.
The jackal barely misses you.
You closely miss the jackal.
The jackal is severely wounded.
Your bat misses the jackal. The jackal bites you.
The jackal closely misses you.
You barely miss the jackal.
The jackal is severely wounded.
The jackal barely misses you. The jackal bites you.
Your bat closely misses the jackal.
The jackal closely misses you.
You barely miss the jackal.
The jackal is severely wounded.
Your bat hits the jackal.
Your bat closely misses the jackal.
The jackal closely misses you. The jackal bites you.
The jackal closely misses you.
You hit the jackal but do no damage.
The jackal is almost dead.
Your bat barely misses the jackal.
The jackal bites you.
Your bat closely misses the jackal.
The jackal misses you.
You are too injured to fight recklessly!
You are too injured to fight recklessly!
You barely miss the jackal.
The jackal is almost dead.
Your bat closely misses the jackal.
Your bat barely misses the jackal.
The jackal bites you.
The jackal bites you but does no damage.
Your bat closely misses the jackal.
The jackal bites you.
* * * LOW HITPOINT WARNING * * *
The jackal bites you.
You die...

### ..#
##########.#
.....bh@##.#
#######h##.#
#.##.#
#.####.##.##
.h..........#
..h..#.###.##
##h# #.....#
# .....##.#
###. #.#


You could see 2 jackals and a friendly bat (summoned).

Vanquished Creatures
  A ball python (D:1)
1 creature vanquished.

Notes
Turn   | Place    | Note
-------+----------+-------------------------------------------
     0 | D:1      | SnakkuSnakku7 the Demigod Summoner began the quest for the
                  | Orb.
     0 | D:1      | Reached XP level 1. HP: 14/14 MP: 5/5
   132 | D:1      | Slain by a jackal

Illustrated notes

Levels and vault maps discovered:
D:1:      wheals_arrival_shading, layout_basic

Action                   || total
-------------------------++-------
Melee: Dagger            ||     7
       Unarmed           ||     4
 Cast: Summon Small Mamm ||     2
Armor: Robe              ||     4
Dodge: Dodged            ||    10
